 Dungeon Crawl Stone Soup version 0.18.1-50-g88ac8fd (webtiles) character file.

24620 Ponchio the Eclecticist (level 12, 0/59 HPs)
             Began as a Deep Elf Conjurer on Sept 13, 2017.
             Was a High Priest of Vehumet.
             Slain by a four-headed hydra (6 damage)
             ... on level 3 of the Lair of Beasts.
             The game lasted 02:11:17 (17687 turns).

Ponchio the Eclecticist (Deep Elf Conjurer)        Turns: 17687, Time: 02:11:18

Health: 0/59       AC: 12    Str:  5    XL:     12   Next: 82%
Magic:  42/54      EV: 21    Int: 28    God:    Vehumet [*****.]
Gold:   805        SH:  0    Dex: 15    Spells: 4 memorised, 26 levels left

rFire  . . .     SeeInvis .     r - +2 short sword (protect)
rCold  + . .     Gourm    .     a - +1 robe
rNeg   . . .     Faith    .     (no shield)
rPois  .         Spirit   .     C - +1 hat
rElec  .         Dismiss  +     q - +0 cloak
rCorr  .         Reflect  .     (no gloves)
SustAt .         Harm     .     H - +0 pair of boots
MR     +....                    P - amulet of dismissal
Stlth  ++........               v - ring of magical power
                                G - ring of magical power

@: somewhat resistant to hostile enchantments, unstealthy
A: clever 1, cold resistance 1, high mp 1, shaggy fur 1
a: Renounce Religion


You were on level 3 of the Lair of Beasts.
You worshipped Vehumet.
Vehumet was extremely pleased with you.
You were not hungry.

You visited 2 branches of the dungeon, and saw 14 of its levels.
You also visited: Sewer.

You collected 805 gold pieces.

Inventory:

Hand Weapons
 r - a +2 short sword of protection (weapon)
Armour
 a - a +1 robe (worn)
 q - a +0 cloak (worn)
 C - a +1 hat (worn)
 H - a +0 pair of boots (worn)
Magical Staves
 R - an uncursed staff of fire
Jewellery
 f - a +1 ring of slaying
 i - an uncursed ring of positive energy
 p - an uncursed ring of protection from cold
 u - an uncursed ring of teleportation
 v - a ring of magical power (right hand)
 w - an uncursed ring of wizardry
 D - an uncursed ring of fire
 G - a ring of magical power (left hand)
 P - an amulet of dismissal (around neck)
Wands
 s - a wand of slowing (34/48)
 t - a wand of disintegration (7/24)
 L - a wand of flame (22/48)
 N - a wand of iceblast (15/15)
 Q - a wand of lightning (8/15)
Scrolls
 e - 3 scrolls of remove curse
 l - 2 scrolls of fear
 y - 2 scrolls of teleportation
 F - 4 scrolls of fog
Potions
 d - 2 potions of heal wounds
 g - 3 potions of agility {unknown}
 h - 2 potions of brilliance {unknown}
 j - 4 potions of curing
 k - a potion of degeneration {unknown}
 m - a potion of resistance {unknown}
 z - a potion of magic {unknown}
 I - 2 potions of flight
Books
 b - a book of Conjurations

   Spells                             Type                      Level
   a - Magic Dart                     Conjuration                  1
   b - Searing Ray                    Conjuration                  2
   c - Dazzling Spray                 Conjuration/Hexes            3
   d - Fulminant Prism                Conjuration/Hexes            4
   e - Iskenderun's Mystic Blast      Conjuration                  4
   f - Iskenderun's Battlesphere      Conjuration/Charms           5
Comestibles
 c - 4 bread rations
 n - 3 chunks of flesh
 o - 7 meat rations
 B - 2 slices of pizza
 U - 2 beef jerkies
 X - 3 fruits


   Skills:
 - Level 13.0 Dodging
 - Level 2.4 Stealth
 - Level 15.7 Spellcasting
 - Level 13.8 Conjurations
 - Level 10.7 Charms
 + Level 0.2 Fire Magic


You had 26 spell levels left.
You knew the following spells:

 Your Spells              Type           Power        Failure   Level  Hunger
a - Magic Dart            Conj           ####         0%          1    None
b - Dazzling Spray        Conj/Hex       ######       1%          3    None
c - Iskenderun's Battles  Conj/Chrm      ######..     1%          5    None
d - Delayed Fireball      Conj/Fire      N/A          43%         7    #####..


Dungeon Overview and Level Annotations

Branches:
Dungeon (11/15)            Temple (0/1) D:4            Lair (3/8) D:11
  Snake (0/4) Lair:3          Orc (0/2) D:11
  Swamp: Lair:3-6    Shoals: Lair:3-6

Altars:
Ashenzari
Cheibriados
Dithmenos
Elyvilon
Fedhas
Gozag
Makhleb
Nemelex Xobeh
Pakellas
Qazlal
Sif Muna
Trog
Vehumet
Yredelemnul
Zin

Shops:
D:2 *   D:6 !

Portals:
Trove: D:11 (give wand of hasting (9))


Innate Abilities, Weirdness & Mutations

Your mind is acute. (Int +2)
Your flesh is cold resistant.
You have an increased reservoir of magic (+10% MP).
You are covered in fur (AC +1).


Message History

The four-headed hydra bites you but does no damage.
The four-headed hydra closely misses you. x2
The four-headed hydra bites you!
* * * LOW HITPOINT WARNING * * *
Casting: Dazzling Spray
Confirm with . or Enter, or press ? or * to list all spells.
Aiming: Dazzling Spray
Press: ? - help, Shift-Dir - straight line, f/p - four-headed hydra
Aim: a four-headed hydra (heavily wounded)
The spray of energy hits the four-headed hydra.
The four-headed hydra is severely wounded.
Your battlesphere fires!
The barrage of energy hits the four-headed hydra.
The four-headed hydra is severely wounded.
The four-headed hydra bites you.
* * * LOW HITPOINT WARNING * * *
The four-headed hydra bites you.
* * * LOW HITPOINT WARNING * * *
The four-headed hydra bites you.
You die...

###P#.#.#...###...#...####...###.
#................................
.................................
#.............P....♣♣....≈.....##
..#######.#...P...♣.♣♣♣♣.♣≈....#.
#..###.##.##..*..♣.....♣♣♣≈≈...+.
.*#.......##.....♣♣....♣♣≈≈...##.
..*#.......#.....♣♣♣♣♣†≈≈≈♣...#..
#.##....#..#....@D.♣♣.≈≈)♣♣...#..
P.#....#.......#.≈≈≈♣≈≈?......
..............#.≈≈♣≈≈≈♣.♣.♣...
#.............#.≈♣♣♣.♣♣♣♣ ♣
#..............>.♣ ♣♣♣ .
#..............†.. .
P..............†... .
.............†...... #
P....................


You could see a four-headed hydra and a friendly battlesphere.

Vanquished Creatures
  Gastronok (Lair:1)
  Snorg (D:10)
  3 hydras
  2 hill giants (D:10)
  A cyclops (D:8)
  5 elephants (Lair:2)
  A black mamba (Lair:2)
  4 spiny frogs
  A komodo dragon (Lair:1)
  A troll (D:11)
  A blink frog (Lair:1)
  3 wyverns
  29 yaks
  Eustachio (D:6)
  3 basilisks
  A hungry ghost (D:7)
  Menkaure (D:9)
  6 water moccasins
  2 porcupines (Lair:1)
  2 ice beasts
  4 sky beasts
  An eye of draining (D:10)
  A necrophage (D:7)
  5 ogres
  3 phantoms
  5 centaurs
  3 crocodiles
  Blork the orc (D:6)
  A gnoll sergeant (D:6)
  11 giant frogs
  A wyvern zombie (D:9)
  2 scorpions (D:11)
  4 killer bees (D:9)
  12 wights
  An electric eel (Lair:2)
  7 howler monkeys
  A crimson imp (D:10)
  7 hounds
  A giant frog zombie (D:7)
  2 jellies
  2 orc priests
  2 centaur skeletons
  7 orc wizards
  9 iguanas
  9 worker ants
  20 sheep
  A hound skeleton (D:11)
  9 gnolls
  24 adders
  10 river rats (Lair:1)
  3 shadow imps
  15 oozes
  2 adder skeletons
  3 worms
  2 dart slugs
  15 giant geckos
  22 orcs
  13 ball pythons
  11 bats
  9 giant cockroaches
  13 goblins
  10 hobgoblins
  14 jackals
  9 kobolds
  11 quokkas
  A giant gecko zombie (D:3)
  20 giant newts
  2 gnoll zombies (D:6)
  A quokka skeleton (D:6)
  2 rats (D:3)
413 creatures vanquished.

Vanquished Creatures (others)
  A fungus (Lair:3)
  3 plants (Lair:3)
4 creatures vanquished.

Grand Total: 417 creatures vanquished

Notes
Turn   | Place    | Note
--------------------------------------------------------------
     0 | D:1      | Ponchio the Deep Elf Conjurer began the quest for the Orb.
     0 | D:1      | Reached XP level 1. HP: 10/10 MP: 6/6
   177 | D:1      | Reached skill level 4 in Spellcasting
   177 | D:1      | Reached XP level 2. HP: 15/15 MP: 6/9
   629 | D:1      | Reached XP level 3. HP: 19/19 MP: 6/11
  2304 | D:2      | Found an opulent altar of Gozag.
  2331 | D:2      | Reached skill level 5 in Spellcasting
  2576 | D:2      | Found Zin's Purification Station.
  2582 | D:2      | Found a glowing silver altar of Zin.
  2717 | D:2      | Found a burning altar of Makhleb.
  2909 | D:2      | Reached skill level 5 in Conjurations
  3053 | D:2      | Reached XP level 4. HP: 24/24 MP: 8/13
  3136 | D:2      | Found a radiant altar of Vehumet.
  3152 | D:2      | Became a worshipper of Vehumet
  3307 | D:2      | Found a burning altar of Makhleb.
  3426 | D:2      | Found a radiant altar of Vehumet.
  3522 | D:2      | Found an opulent altar of Gozag.
  3694 | D:2      | Found Zin's Purification Station.
  3698 | D:2      | Found a glowing silver altar of Zin.
  4035 | D:2      | Found a burning altar of Makhleb.
  4110 | D:2      | Found Zin's Purification Station.
  4173 | D:2      | Found an opulent altar of Gozag.
  4221 | D:2      | Found a glowing silver altar of Zin.
  4821 | D:3      | Found a shadowy altar of Dithmenos.
  4878 | D:3      | Found a faded altar to an unknown god.
  5044 | D:3      | You fall through a shaft!
  5233 | D:4      | Found a shattered altar of Ashenzari.
  5309 | D:4      | Noticed a phantom
  5702 | D:3      | Reached XP level 5. HP: 28/28 MP: 11/15
  5707 | D:3      | Learned a level 3 spell: Dazzling Spray
  5713 | D:3      | Learned a level 5 spell: Iskenderun's Battlesphere
  5998 | D:3      | Reached skill level 1 in Charms
  6104 | D:3      | Found a faded altar to an unknown god.
  6146 | D:3      | Noticed an ogre
  6154 | D:3      | Killed an ogre
  6154 | D:3      | Reached XP level 6. HP: 32/32 MP: 8/16
  6468 | D:3      | Found a shadowy altar of Dithmenos.
  6751 | D:3      | Found a faded altar to an unknown god.
  7200 | D:3      | Found a shadowy altar of Dithmenos.
  7434 | D:4      | Reached skill level 5 in Charms
  7437 | D:4      | Reached * piety under Vehumet
  7437 | D:4      | Offered knowledge of Shock by Vehumet.
  7673 | D:4      | Reached skill level 6 in Spellcasting
  7954 | D:4      | Reached XP level 7. HP: 36/36 MP: 13/18
  7955 | D:4      | Found a staircase to the Ecumenical Temple.
  8028 | D:4      | Found a shattered altar of Ashenzari.
  8308 | D:4      | Found a staircase to the Ecumenical Temple.
  8439 | D:5      | Entered Level 5 of the Dungeon
  8579 | D:5      | Found a stormy altar of Qazlal.
  8604 | D:5      | Found a deep blue altar of Sif Muna.
  8656 | D:5      | Found a shadowy altar of Dithmenos.
  8718 | D:5      | Reached skill level 7 in Spellcasting
  8932 | D:5      | Found a glowing drain.
  8941 | Sewer    | Entered a sewer
  9032 | Sewer    | Reached XP level 8. HP: 34/41 MP: 5/20
  9142 | Sewer    | Reached ** piety under Vehumet
  9150 | Sewer    | Offered knowledge of Freeze by Vehumet.
  9464 | Sewer    | Offered knowledge of Stone Arrow by Vehumet.
  9675 | D:5      | Reached *** piety under Vehumet
  9694 | D:5      | Found a bloodstained altar of Trog.
 10198 | D:6      | Found Ymaet's Distillery.
 10258 | D:6      | Noticed Eustachio
 10261 | D:6      | Noticed Blork the orc
 10444 | D:6      | Killed Blork the orc
 10444 | D:6      | Reached skill level 8 in Spellcasting
 10502 | D:6      | Killed Eustachio
 10620 | D:6      | Offered knowledge of Inner Flame by Vehumet.
 10770 | D:6      | Found a basalt altar of Yredelemnul.
 11045 | D:6      | Reached skill level 9 in Spellcasting
 11294 | D:7      | Reached XP level 9. HP: 45/45 MP: 24/24
 11339 | D:7      | Gained mutation: You are covered in fur (AC +1). [mutagenic meat]
 11600 | D:7      | Reached skill level 5 in Dodging
 11614 | D:7      | Reached **** piety under Vehumet
 11639 | D:7      | Gained mutation: You are partially covered in iridescent scales (AC +4). [mutagenic meat]
 11640 | D:7      | Gained mutation: You tend to lose your temper in combat. [mutagenic meat]
 11643 | D:7      | Gained mutation: Your mind is acute. (Int +2) [mutagenic meat]
 11644 | D:7      | Gained mutation: Your flesh is cold resistant. [mutagenic meat]
 11838 | D:7      | Found a snail-covered altar of Cheibriados.
 11853 | D:7      | Reached skill level 13 in Spellcasting
 11853 | D:7      | Reached XP level 10. HP: 50/50 MP: 29/29
 11908 | D:7      | Offered knowledge of Venom Bolt by Vehumet.
 12182 | D:8      | Gained mutation: You have an increased reservoir of magic (+10% MP). [potion of beneficial mutation]
 12213 | D:8      | Noticed a cyclops
 12219 | D:8      | Killed a cyclops
 12335 | D:8      | Found a sparkling altar of Nemelex Xobeh.
 12347 | D:8      | Reached skill level 10 in Conjurations
 12422 | D:8      | Reached skill level 10 in Charms
 12847 | D:9      | Reached XP level 11. HP: 54/54 MP: 32/32
 12907 | D:9      | Found an oddly glowing altar of Pakellas.
 12929 | D:9      | Found a white marble altar of Elyvilon.
 12933 | D:9      | Noticed Menkaure
 12935 | D:9      | Killed Menkaure
 12970 | D:9      | Lost mutation: You tend to lose your temper in combat. [helix card]
 12970 | D:9      | Lost mutation: You are partially covered in iridescent scales (AC +4). [helix card]
 13047 | D:9      | Found a blossoming altar of Fedhas.
 13345 | D:10     | Entered Level 10 of the Dungeon
 13347 | D:10     | Noticed a hill giant
 13353 | D:10     | Killed a hill giant
 13565 | D:10     | Reached ***** piety under Vehumet
 13565 | D:10     | Reached skill level 14 in Spellcasting
 13721 | D:10     | Offered knowledge of Airstrike by Vehumet.
 13759 | D:10     | Noticed Snorg
 13770 | D:10     | Killed Snorg
 14034 | D:10     | Noticed a hill giant
 14039 | D:10     | Killed a hill giant
 14039 | D:10     | Reached skill level 15 in Spellcasting
 14278 | D:11     | Found a staircase to the Lair.
 14684 | D:11     | Found a portal to a secret trove of treasure.
 14700 | D:11     | Found a staircase to the Orcish Mines.
 14813 | Lair:1   | Entered Level 1 of the Lair of Beasts
 15536 | Lair:1   | Noticed Gastronok
 15560 | Lair:1   | Reached XP level 12. HP: 59/59 MP: 36/36
 15874 | Lair:1   | Killed Gastronok
 16012 | Lair:1   | Noticed a five-headed hydra
 16016 | Lair:1   | Killed a five-headed hydra
 16180 | Lair:2   | Noticed an eight-headed hydra
 16251 | Lair:2   | Killed an eight-headed hydra
 17339 | Lair:3   | Found a staircase to the Snake Pit.
 17510 | Lair:3   | Noticed a seven-headed hydra
 17512 | Lair:3   | Killed a seven-headed hydra
 17516 | Lair:3   | Offered knowledge of Delayed Fireball by Vehumet.
 17525 | Lair:3   | Learned a level 7 spell: Delayed Fireball
 17602 | Lair:3   | Noticed a four-headed hydra
 17687 | Lair:3   | Slain by a four-headed hydra

Skill      XL: |  1  2  3  4  5  6  7  8  9 10 11 12 |
---------------+-------------------------------------+-----
Spellcasting   | 4 5 6 7 9 13 15 | 15.7
Conjurations   | 5 6 7 8 9 10 11 13 | 13.8
Charms         | 4 6 7 9 10 | 10.7
Dodging        | 11 13 | 13.0
Stealth        | |  2.4
Fire Magic     | |  0.2

Action                   |  1- 3 |  4- 6 |  7- 9 | 10-12 || total
-------------------------+-------+-------+-------+-------++-------
Melee: Dagger            |     8 |       |       |       ||     8
       Short sword       |       |       |       |     2 ||     2
 Cast: Magic Dart        |    92 |   149 |   295 |   275 ||   811
       Dazzling Spray    |       |     1 |    18 |   184 ||   203
       Iskenderun's Batt |       |       |    25 |    68 ||    93
Evoke: Deck              |       |       |       |     3 ||     3
  Use: Scroll            |       |     6 |     8 |    10 ||    24
       Potion            |       |       |     1 |     3 ||     4
 Stab: Sleeping          |       |       |       |     1 ||     1
  Eat: Chunk             |     6 |     9 |    18 |    19 ||    52
       Fruit             |       |     2 |       |       ||     2
       Bread ration      |       |     1 |     1 |       ||     2
Armor: Robe              |       |     8 |    34 |    22 ||    64
Dodge: Dodged            |    11 |    19 |    85 |    99 ||   214
